[Event "1000GM NY Winter GM-B 2024"]
[Site "New York"]
[Date "2024.01.14"]
[Round "5.2"]
[White "Nakada, Akira"]
[Black "Lee, Alice"]
[Result "1-0"]
[ECO "A13"]
[WhiteElo "2374"]
[BlackElo "2379"]
[Annotator "RC"]
[PlyCount "65"]
[EventDate "2024.01.10"]
[EventType "tourn"]
[EventCountry "USA"]
[SourceTitle "playchess.com"]
[Source "ChessBase"]
[SourceQuality "1"]
[TimeControl "5400+30"]

1. c4 e6 2. g3 d5 3. Bg2 dxc4 4. Qa4+ Nd7 5. Qxc4 a6 6. Qc2 Ngf6 7. Nf3 Rb8 8. O-O Bd6 9. d4 O-O 10. Rd1 b5 11. Ne5 Bb7 12. Nc6 Bxc6 13. Qxc6 Nd5 14. e4 N5b6 15. Nd2 e5 16. Nf3 Qe8 17. b3 exd4 18. Nxd4 Nc5 19. Bb2 Ne6 20. Rac1 Nxd4 21. Bxd4 Qe7 22. e5 Ba3 23. Qxc7 Qxc7 24. Rxc7 Rfd8 25. Bf3 Nd5 26. Ra7 Nb4 27. e6 fxe6 28. Rxg7+ Kf8 29. Rxh7 Nxa2 30. Bf6 Rxd1+ 31. Bxd1 Kg8 32. Rg7+ Kf8 33. Bh5 1-0

[Event "1000GM NY Winter GM-B 2024"]
[Site "New York"]
[Date "2024.01.14"]
[Round "5.3"]
[White "Griffith, Kyron"]
[Black "Paragua, Mark"]
[Result "1/2-1/2"]
[ECO "B90"]
[WhiteElo "2367"]
[BlackElo "2448"]
[Annotator "RC"]
[PlyCount "69"]
[EventDate "2024.01.10"]
[EventType "tourn"]
[EventCountry "USA"]
[SourceTitle "playchess.com"]
[Source "ChessBase"]
[SourceQuality "1"]
[TimeControl "5400+30"]

1. e4 c5 2. Nf3 d6 3. d4 cxd4 4. Nxd4 Nf6 5. Nc3 a6 6. Rg1 e5 7. Nb3 Be6 8. g4 d5 9. exd5 Nxd5 10. Nxd5 Qxd5 11. Qxd5 Bxd5 12. Be3 Nc6 13. O-O-O O-O-O 14. Bb6 Rd7 15. g5 Be6 16. Rxd7 Kxd7 17. Nc5+ Bxc5 18. Bxc5 Kc7 19. Rg3 h6 20. gxh6 Rxh6 21. Rxg7 Rxh2 22. Kd2 Nd4 23. Bxd4 exd4 24. Rg2 Rh4 25. a4 Kd6 26. b3 Ke5 27. Rg8 Rh2 28. Rg2 Rh1 29. Be2 Bf5 30. Bd3 Bxd3 31. Kxd3 Rh3+ 32. Ke2 Rc3 33. Kd2 Rf3 34. Ke2 Rc3 35. Kd2 1/2-1/2

[Event "1000GM NY Winter GM-B 2024"]
[Site "New York"]
[Date "2024.01.14"]
[Round "5.5"]
[White "Levine, Joseph"]
[Black "Graif, William"]
[Result "0-1"]
[ECO "B45"]
[WhiteElo "2376"]
[BlackElo "2302"]
[Annotator "RC"]
[PlyCount "100"]
[EventDate "2024.01.10"]
[EventType "tourn"]
[EventCountry "USA"]
[SourceTitle "playchess.com"]
[Source "ChessBase"]
[SourceQuality "1"]
[TimeControl "5400+30"]

1. e4 c5 2. Nf3 Nc6 3. Nc3 e6 4. d4 cxd4 5. Nxd4 Nf6 6. Nxc6 bxc6 7. e5 Nd5 8. Ne4 Qc7 9. f4 Qb6 10. c4 Ne3 11. Qd3 Bb4+ 12. Bd2 Ba6 13. Bxb4 Qxb4+ 14. Kf2 Qxb2+ 15. Be2 Nxc4 16. Rhb1 Nxe5 17. Qxa6 Qd4+ 18. Kf1 Qxe4 19. fxe5 Qxe5 20. Qb7 Ke7 21. Rd1 Rhd8 22. Bf3 Ke8 23. h3 a5 24. Rab1 Rab8 25. Qa7 Rb4 26. Rbc1 Qb5+ 27. Kg1 Qb6+ 28. Qxb6 Rxb6 29. Rc5 Ra8 30. Rd3 Ra7 31. Rdc3 Kd8 32. Kh2 Kc7 33. Kg3 a4 34. R5c4 a3 35. Bd1 d5 36. Rg4 g6 37. Rh4 h5 38. Rf4 Kd6 39. Rff3 Rb1 40. Rfd3 c5 41. Bb3 Rb2 42. Kf3 Kc6 43. g4 hxg4+ 44. hxg4 g5 45. Ke3 Ra8 46. Rd2 Rh8 47. Ba4+ Kd6 48. Rcc2 Rb4 49. Bb3 Rh3+ 50. Ke2 c4 0-1

[Event "1000GM NY Winter GM-B 2024"]
[Site "New York"]
[Date "2024.01.14"]
[Round "6.1"]
[White "Adewumi, Tanitoluwa"]
[Black "Graif, William"]
[Result "1-0"]
[ECO "B51"]
[WhiteElo "2280"]
[BlackElo "2302"]
[Annotator "RC"]
[PlyCount "67"]
[EventDate "2024.01.10"]
[EventType "tourn"]
[EventCountry "USA"]
[SourceTitle "playchess.com"]
[Source "ChessBase"]
[SourceQuality "1"]
[TimeControl "5400+30"]

1. e4 c5 2. Nf3 d6 3. Bb5+ Nd7 4. c3 Ngf6 5. Bd3 g6 6. Bc2 b5 7. d4 Bg7 8. e5 dxe5 9. dxe5 Ng4 10. e6 Nde5 11. exf7+ Nxf7 12. Qe2 O-O 13. O-O Qc7 14. h3 Nge5 15. Be4 Bb7 16. Nbd2 Bxe4 17. Nxe4 Nxf3+ 18. Qxf3 Ne5 19. Qe2 c4 20. a4 a6 21. axb5 axb5 22. Rxa8 Rxa8 23. Bf4 Rf8 24. Ng5 Rf5 25. Rd1 Qc8 26. Qe4 Nd3 27. Ra1 Qd7 28. Be3 Nxf2 29. Ra8+ Bf8 30. Qe6+ Qxe6 31. Nxe6 Nd3 32. Bh6 Kf7 33. Ng5+ Rxg5 34. Rxf8+ 1-0

[Event "1000GM NY Winter GM-B 2024"]
[Site "New York"]
[Date "2024.01.14"]
[Round "6.2"]
[White "Nagy, Gabor"]
[Black "Levine, Joseph"]
[Result "1/2-1/2"]
[ECO "D30"]
[WhiteElo "2450"]
[BlackElo "2376"]
[Annotator "RC"]
[PlyCount "42"]
[EventDate "2024.01.10"]
[EventType "tourn"]
[EventCountry "USA"]
[SourceTitle "playchess.com"]
[Source "ChessBase"]
[SourceQuality "1"]
[TimeControl "5400+30"]

1. d4 Nf6 2. c4 e6 3. Nf3 d5 4. Nbd2 c5 5. cxd5 exd5 6. dxc5 Bxc5 7. e3 O-O 8. Be2 Nc6 9. Nb3 Bd6 10. O-O Ne4 11. Bd2 Qf6 12. Bc3 Nxc3 13. bxc3 Qxc3 14. Qxd5 Rd8 15. Qe4 Qf6 16. Nbd4 Nxd4 17. Nxd4 Qe5 18. Qxe5 Bxe5 19. Rfd1 Bd7 20. Bf3 Rab8 21. Rab1 b6 1/2-1/2

[Event "1000GM NY Winter GM-B 2024"]
[Site "New York"]
[Date "2024.01.14"]
[Round "6.3"]
[White "Paragua, Mark"]
[Black "Luo, Terry"]
[Result "1-0"]
[ECO "A49"]
[WhiteElo "2448"]
[BlackElo "2342"]
[Annotator "RC"]
[PlyCount "113"]
[EventDate "2024.01.10"]
[EventType "tourn"]
[EventCountry "USA"]
[SourceTitle "playchess.com"]
[Source "ChessBase"]
[SourceQuality "1"]
[TimeControl "5400+30"]

1. Nf3 Nf6 2. g3 g6 3. b3 Bg7 4. Bb2 O-O 5. Bg2 d6 6. d4 b5 7. Nfd2 d5 8. O-O Nbd7 9. e4 dxe4 10. Nc3 Rb8 11. Re1 Bb7 12. Qe2 e3 13. Qxe3 Bxg2 14. Kxg2 e6 15. Rad1 Nb6 16. Qf3 Nbd5 17. Nce4 Nxe4 18. Nxe4 b4 19. h4 h5 20. Bc1 Qd7 21. g4 hxg4 22. Qxg4 Qc6 23. Qf3 Ne7 24. Bg5 f6 25. Be3 Qd5 26. Nc5 Rbe8 27. Bd2 Nf5 28. Qxd5 exd5 29. Bxb4 Rxe1 30. Rxe1 Nxd4 31. Bc3 Nf5 32. Re6 Nxh4+ 33. Kf1 Rf7 34. Ra6 Bf8 35. Ne6 c5 36. Nxf8 Kxf8 37. Bxf6 Nf5 38. Be5 c4 39. Kg1 Nh4 40. Bd6+ Ke8 41. Bc5 Rc7 42. b4 d4 43. Kf1 d3 44. cxd3 cxd3 45. Rxa7 Rxa7 46. Bxa7 Nf3 47. a4 Kd7 48. Be3 Ne5 49. a5 Nc4 50. Bc5 Kc6 51. a6 g5 52. Ke1 g4 53. Kd1 Kc7 54. b5 Kc8 55. b6 Na5 56. Be3 Nc4 57. b7+ 1-0

[Event "1000GM NY Winter GM-B 2024"]
[Site "New York"]
[Date "2024.01.14"]
[Round "6.4"]
[White "Lee, Alice"]
[Black "Griffith, Kyron"]
[Result "1-0"]
[ECO "D24"]
[WhiteElo "2379"]
[BlackElo "2367"]
[Annotator "RC"]
[PlyCount "101"]
[EventDate "2024.01.10"]
[EventType "tourn"]
[EventCountry "USA"]
[SourceTitle "playchess.com"]
[Source "ChessBase"]
[SourceQuality "1"]
[TimeControl "5400+30"]

1. d4 Nf6 2. c4 e6 3. Nf3 d5 4. Nc3 dxc4 5. e4 b5 6. e5 Nd5 7. Nxb5 Nb6 8. Be2 Be7 9. Be3 Bb7 10. Qc2 a6 11. Nc3 Nc6 12. a3 Qd7 13. Rd1 O-O-O 14. d5 Nxd5 15. Nxd5 exd5 16. Bxc4 Qg4 17. Be2 d4 18. Ng5 Qd7 19. Nxf7 Bb4+ 20. axb4 Qxf7 21. Bg5 Nxe5 22. Bxd8 Rxd8 23. f3 Qf4 24. O-O d3 25. Bxd3 Qd4+ 26. Kh1 Nxd3 27. Rd2 Qe3 28. Re2 Qf4 29. Rd2 Be4 30. Qc3 Rd6 31. Re2 Rh6 32. h3 Bf5 33. Re8+ Kb7 34. Rf8 Qg5 35. Rf7 Rc6 36. Qd4 Nf4 37. Rxg7 Bg6 38. Qd2 Qf6 39. Rg8 Rc2 40. Qd7 Bf5 41. Qe8 Kb6 42. Qa8 Kb5 43. Qe8+ c6 44. Qb8+ Ka4 45. Qxf4 Qe6 46. Rg5 Bxh3 47. gxh3 Qxh3+ 48. Kg1 Qe6 49. Qe4 Qxe4 50. fxe4 Rxb2 51. Re1 1-0

[Event "1000GM NY Winter GM-B 2024"]
[Site "New York"]
[Date "2024.01.14"]
[Round "6.5"]
[White "Koustav Chatterjee"]
[Black "Nakada, Akira"]
[Result "1-0"]
[ECO "B12"]
[WhiteElo "2546"]
[BlackElo "2374"]
[Annotator "RC"]
[PlyCount "20"]
[EventDate "2024.01.10"]
[EventType "tourn"]
[EventCountry "USA"]
[SourceTitle "playchess.com"]
[Source "ChessBase"]
[SourceQuality "1"]
[TimeControl "5400+30"]

1. e4 c6 2. d4 d5 3. e5 c5 4. c3 Nc6 5. Be2 e6 6. Nf3 Bd7 7. O-O Nge7 8. dxc5 Ng6 9. Be3 Ngxe5 10. Nxe5 Nxe5 1-0

[Event "1000GM NY Winter GM-B 2024"]
[Site "New York"]
[Date "2024.01.15"]
[Round "7.1"]
[White "Nakada, Akira"]
[Black "Adewumi, Tanitoluwa"]
[Result "1-0"]
[ECO "D38"]
[WhiteElo "2374"]
[BlackElo "2280"]
[Annotator "RC"]
[PlyCount "106"]
[EventDate "2024.01.10"]
[EventType "tourn"]
[EventCountry "USA"]
[SourceTitle "playchess.com"]
[Source "ChessBase"]
[SourceQuality "1"]
[TimeControl "5400+30"]

1. Nf3 d5 2. d4 Nf6 3. c4 e6 4. Nc3 Bb4 5. Qa4+ Nc6 6. e3 O-O 7. Qc2 dxc4 8. Bxc4 Bd6 9. O-O e5 10. h3 Qe7 11. a3 h6 12. b4 e4 13. Nd2 Bf5 14. Nb3 Rae8 15. Nc5 Bc8 16. Bd2 Nd8 17. f3 exf3 18. Rxf3 c6 19. Raf1 Nh7 20. e4 b6 21. Nb3 Be6 22. Bd3 Bxb3 23. Qxb3 Ne6 24. e5 Bb8 25. Be3 Rd8 26. Bxh7+ Kxh7 27. Qb1+ Kg8 28. Qe4 Qd7 29. Ne2 Qd5 30. Qxd5 Rxd5 31. Nf4 Nxf4 32. Rxf4 a5 33. R4f2 axb4 34. axb4 c5 35. dxc5 bxc5 36. Bxc5 Rfd8 37. Rxf7 Bxe5 38. Rf8+ Rxf8 39. Rxf8+ Kh7 40. Rf1 Kg6 41. Rb1 Kf5 42. Bf2 Rb5 43. Bc5 Ke4 44. Kf2 h5 45. Re1+ Kd5 46. Kf3 Rb7 47. Rd1+ Kc4 48. Ke4 Bc3 49. Kf5 Bxb4 50. Bxb4 Rxb4 51. Rd7 Rb5+ 52. Kg6 Rb3 53. Rxg7 h4 1-0

[Event "1000GM NY Winter GM-B 2024"]
[Site "New York"]
[Date "2024.01.15"]
[Round "7.2"]
[White "Griffith, Kyron"]
[Black "Koustav Chatterjee"]
[Result "1/2-1/2"]
[ECO "C07"]
[WhiteElo "2367"]
[BlackElo "2546"]
[Annotator "RC"]
[PlyCount "52"]
[EventDate "2024.01.10"]
[EventType "tourn"]
[EventCountry "USA"]
[SourceTitle "playchess.com"]
[Source "ChessBase"]
[SourceQuality "1"]
[TimeControl "5400+30"]

1. e4 e6 2. d4 d5 3. Nd2 c5 4. Ngf3 cxd4 5. Nxd4 Nc6 6. Bb5 Bd7 7. Nxc6 bxc6 8. Bd3 Qc7 9. Qe2 Ne7 10. Nf3 Ng6 11. O-O Be7 12. c4 dxe4 13. Bxe4 f5 14. Bc2 e5 15. c5 e4 16. Nd4 O-O 17. f3 Kh8 18. Nb3 a5 19. fxe4 a4 20. Nd2 f4 21. Kh1 Ne5 22. b4 axb3 23. Bxb3 Bxc5 24. Bb2 Bd6 25. Nf3 Bg4 26. Rac1 Rac8 1/2-1/2

[Event "1000GM NY Winter GM-B 2024"]
[Site "New York"]
[Date "2024.01.15"]
[Round "7.3"]
[White "Luo, Terry"]
[Black "Lee, Alice"]
[Result "1/2-1/2"]
[ECO "D37"]
[WhiteElo "2342"]
[BlackElo "2379"]
[Annotator "RC"]
[PlyCount "59"]
[EventDate "2024.01.10"]
[EventType "tourn"]
[EventCountry "USA"]
[SourceTitle "playchess.com"]
[Source "ChessBase"]
[SourceQuality "1"]
[TimeControl "5400+30"]

1. d4 d5 2. c4 e6 3. Nc3 Nf6 4. Nf3 Nbd7 5. Bf4 dxc4 6. e3 Bb4 7. Bxc4 Nd5 8. Bxd5 Bxc3+ 9. bxc3 exd5 10. c4 dxc4 11. Qa4 c6 12. Qxc4 Qa5+ 13. Nd2 Nf6 14. Qc5 Qxd2+ 15. Kxd2 Ne4+ 16. Ke2 Nxc5 17. dxc5 Be6 18. Rhb1 Bc4+ 19. Ke1 O-O-O 20. Rb4 Bd3 21. Bd6 Rhe8 22. Kd2 Bg6 23. Rd4 Re4 24. Rxe4 Bxe4 25. f3 Bg6 26. Kc3 f6 27. Rd1 b6 28. Rd4 b5 29. Kb4 Kb7 30. Ka5 1/2-1/2

[Event "1000GM NY Winter GM-B 2024"]
[Site "New York"]
[Date "2024.01.15"]
[Round "7.4"]
[White "Levine, Joseph"]
[Black "Paragua, Mark"]
[Result "1-0"]
[ECO "B99"]
[WhiteElo "2376"]
[BlackElo "2448"]
[Annotator "RC"]
[PlyCount "104"]
[EventDate "2024.01.10"]
[EventType "tourn"]
[EventCountry "USA"]
[SourceTitle "playchess.com"]
[Source "ChessBase"]
[SourceQuality "1"]
[TimeControl "5400+30"]

1. e4 c5 2. Nf3 d6 3. d4 cxd4 4. Nxd4 Nf6 5. Nc3 a6 6. Bg5 e6 7. f4 Be7 8. Qf3 Qc7 9. O-O-O Nbd7 10. g4 h6 11. Bxf6 Bxf6 12. h4 Nb6 13. g5 Bxd4 14. Rxd4 Qc5 15. Rd2 Bd7 16. Be2 Na4 17. Rd3 Rc8 18. Bd1 Nb6 19. Ne2 Nc4 20. a3 a5 21. Qg3 hxg5 22. Qxg5 Qxg5 23. fxg5 Rc5 24. Ng3 Ke7 25. Rc3 b5 26. Be2 g6 27. b4 axb4 28. axb4 Rcc8 29. Bxc4 bxc4 30. Ra3 c3 31. Kd1 Rc4 32. Ke2 Rhc8 33. Rb1 Bb5 34. Ke3 d5 35. Ra5 d4+ 36. Kd3 R4c5+ 37. Kxd4 Rc4+ 38. Ke3 Bd7 39. b5 R8c7 40. Ne2 R4c5 41. Kd3 f6 42. gxf6+ Kxf6 43. Rb3 Rb7 44. Nxc3 Rh5 45. Kc4 Rxh4 46. b6 Rh8 47. Ra7 Rc8+ 48. Kd4 Bc6 49. e5+ Kg5 50. Rxb7 Bxb7 51. Ne4+ Kf4 52. Nd6 Rd8 1-0

[Event "1000GM NY Winter GM-B 2024"]
[Site "New York"]
[Date "2024.01.15"]
[Round "7.5"]
[White "Graif, William"]
[Black "Nagy, Gabor"]
[Result "1/2-1/2"]
[ECO "B21"]
[WhiteElo "2302"]
[BlackElo "2450"]
[Annotator "RC"]
[PlyCount "112"]
[EventDate "2024.01.10"]
[EventType "tourn"]
[EventCountry "USA"]
[SourceTitle "playchess.com"]
[Source "ChessBase"]
[SourceQuality "1"]
[TimeControl "5400+30"]

1. e4 c5 2. Nc3 e6 3. f4 d5 4. Nf3 dxe4 5. Nxe4 Nc6 6. Bb5 Bd7 7. Qe2 Nf6 8. f5 Nxe4 9. Qxe4 Qe7 10. fxe6 Qxe6 11. Qxe6+ Bxe6 12. Ne5 Bd5 13. O-O Bd6 14. Nc4 Bxc4 15. Bxc4 O-O 16. d3 Nd4 17. Rf2 Rae8 18. Bg5 b5 19. Bb3 c4 20. dxc4 Bc5 21. Kf1 Nxb3 22. axb3 Bxf2 23. Kxf2 bxc4 24. bxc4 Re4 25. b3 Rfe8 26. Ra2 h6 27. Bc1 Re2+ 28. Kf3 g5 29. c5 Re1 30. Bd2 Rf1+ 31. Kg3 Rf6 32. Rxa7 Re2 33. Rd7 Rff2 34. c6 Rxg2+ 35. Kf3 Rgf2+ 36. Kg3 Rg2+ 37. Kf3 Rxd2 38. c7 Rxc2 39. c8=Q+ Rxc8 40. Kxg2 Rc2+ 41. Kg1 Rb2 42. Rb7 g4 43. Rb4 h5 44. Rb5 Kg7 45. Rxh5 Kg6 46. Rb5 f5 47. Rb4 Kg5 48. Kh1 Kh4 49. Rb8 Kg5 50. Rb4 f4 51. Rb5+ Kh4 52. Rb8 g3 53. Rh8+ Kg4 54. Rg8+ Kf3 55. hxg3 Rxb3 56. gxf4 Kxf4 1/2-1/2

[Event "1000GM NY Winter GM-B 2024"]
[Site "New York"]
[Date "2024.01.15"]
[Round "8.1"]
[White "Adewumi, Tanitoluwa"]
[Black "Nagy, Gabor"]
[Result "1/2-1/2"]
[ECO "E16"]
[WhiteElo "2280"]
[BlackElo "2450"]
[Annotator "ChessBase"]
[PlyCount "43"]
[EventDate "2024.01.10"]
[EventType "tourn"]
[EventCountry "USA"]
[SourceTitle "playchess.com"]
[Source "ChessBase"]
[SourceQuality "1"]
[TimeControl "5400+30"]

1. d4 Nf6 2. c4 e6 3. Nf3 b6 4. g3 Bb7 5. Bg2 Bb4+ 6. Bd2 c5 7. Bxb4 cxb4 8. Qd3 O-O 9. Nbd2 d6 10. e4 Qc7 11. O-O e5 12. a3 bxa3 13. Rxa3 a5 14. Rc3 Na6 15. Qe3 Rfe8 16. h3 Rad8 17. Re1 h6 18. Nh4 Bc8 19. Nhf3 Bb7 20. Nh4 Bc8 21. Nhf3 Bb7 22. Nh4 1/2-1/2

[Event "1000GM NY Winter GM-B 2024"]
[Site "New York"]
[Date "2024.01.15"]
[Round "8.2"]
[White "Paragua, Mark"]
[Black "Graif, William"]
[Result "1-0"]
[ECO "A04"]
[WhiteElo "2448"]
[BlackElo "2302"]
[Annotator "ChessBase"]
[PlyCount "77"]
[EventDate "2024.01.10"]
[EventType "tourn"]
[EventCountry "USA"]
[SourceTitle "playchess.com"]
[Source "ChessBase"]
[SourceQuality "1"]
[TimeControl "5400+30"]

1. Nf3 c5 2. g3 g6 3. Bg2 Bg7 4. O-O Nc6 5. e4 e5 6. d3 Nge7 7. c3 O-O 8. Be3 b6 9. d4 exd4 10. cxd4 d5 11. exd5 Nxd5 12. Bg5 f6 13. Bd2 cxd4 14. Na3 Bb7 15. Nb5 Qd7 16. Qb3 Kh8 17. Nbxd4 Nxd4 18. Nxd4 f5 19. Nf3 Bc6 20. Rac1 Rac8 21. Ng5 h6 22. Nf3 Kh7 23. Rfe1 Ba4 24. Qa3 Rxc1 25. Rxc1 Rd8 26. h4 Ne7 27. Re1 Ng8 28. Bc3 Bc6 29. Bxg7 Qxg7 30. h5 g5 31. Nxg5+ hxg5 32. Bxc6 Rd2 33. Qe3 Rxb2 34. Qe6 f4 35. Rd1 Kh8 36. Rd7 Qh6 37. Be4 fxg3 38. Qe5+ Nf6 39. Rd8+ 1-0

[Event "1000GM NY Winter GM-B 2024"]
[Site "New York"]
[Date "2024.01.15"]
[Round "8.3"]
[White "Lee, Alice"]
[Black "Levine, Joseph"]
[Result "1-0"]
[ECO "E04"]
[WhiteElo "2379"]
[BlackElo "2376"]
[Annotator "ChessBase"]
[PlyCount "105"]
[EventDate "2024.01.10"]
[EventType "tourn"]
[EventCountry "USA"]
[SourceTitle "playchess.com"]
[Source "ChessBase"]
[SourceQuality "1"]
[TimeControl "5400+30"]

1. d4 Nf6 2. c4 e6 3. Nf3 d5 4. g3 dxc4 5. Bg2 a6 6. Ne5 c5 7. Be3 Nd5 8. O-O f6 9. Nxc4 b5 10. Ncd2 Nxe3 11. fxe3 Ra7 12. a4 cxd4 13. axb5 Bc5 14. Nb3 axb5 15. Na3 Bb6 16. exd4 O-O 17. Nxb5 Rxa1 18. Qxa1 e5 19. Nc5 exd4 20. b4 Re8 21. Nxd4 Na6 22. Qc3 Qe7 23. Rc1 Qe3+ 24. Qxe3 Rxe3 25. Kf1 Nxb4 26. Na4 Bxd4 27. Rxc8+ Kf7 28. Rc4 Ra3 29. Rxd4 Rxa4 30. Kf2 Ke6 31. Bc6 Nxc6 32. Rxa4 Kf5 33. Rf4+ Kg5 34. Kf3 h5 35. Ke4 Ne5 36. h3 Nf7 37. Kd5 Kg6 38. Ra4 Ng5 39. Rh4 Nf7 40. Ke6 Nh6 41. Ra4 Nf7 42. h4 Nh6 43. Rf4 Nf7 44. Ke7 Nh6 45. Kf8 Ng4 46. Ra4 Nf2 47. Ra7 Ne4 48. Rxg7+ Kf5 49. Kg8 Nf2 50. Kh7 Ng4 51. Re7 Nh2 52. Kh6 Nf3 53. Kxh5 1-0

[Event "1000GM NY Winter GM-B 2024"]
[Site "New York"]
[Date "2024.01.15"]
[Round "8.4"]
[White "Koustav Chatterjee"]
[Black "Luo, Terry"]
[Result "1-0"]
[ECO "E60"]
[WhiteElo "2546"]
[BlackElo "2342"]
[Annotator "TA"]
[PlyCount "93"]
[EventDate "2024.01.10"]
[EventType "tourn"]
[EventCountry "USA"]
[SourceTitle "playchess.com"]
[Source "ChessBase"]
[SourceQuality "1"]
[TimeControl "5400+30"]

1. Nf3 Nf6 2. d4 g6 3. c4 Bg7 4. e3 O-O 5. Be2 c5 6. dxc5 {[%emt 0:00:44] E60: King's Indian: Unusual lines and Fianchetto Variation without Nc3.} Qa5+ 7. Bd2 Qxc5 8. b4 {[%emt 0:01:15] The position is equal.} Qc7 9. Nc3 {[%emt 0:05:42] Wards off d5} b6 10. Rc1 Bb7 11. O-O d6 {[%emt 0:06:04] [#]} 12. Qc2 $146 ({Predecessor:} 12. Nd5 Qd8 13. Nd4 Nxd5 14. cxd5 Bxd5 15. Bf3 Bxf3 16. Qxf3 d5 17. b5 a6 18. a4 axb5 19. axb5 Bxd4 20. exd4 {1-0 Meskovs,N (2504)-Javakhishvili,L (2332) Lindores Abbey Blitz Tal Memorial 2021 (18.40)}) 12... Nbd7 13. e4 Rac8 14. h3 Qb8 15. Rfe1 Qa8 16. Bd3 Rfd8 17. Qb1 Nf8 18. Bf4 (18. Nd5 Nxd5 19. cxd5 (19. exd5 e6 $11) 19... e6) 18... Ne6 19. Be3 Nd7 20. Nd5 Re8 21. Nd2 Nd4 22. Bf1 b5 23. cxb5 {[%emt 0:05:13] Nc7 would be deadly. White is more active.} Bxd5 24. exd5 Qxd5 25. Qd3 Nb6 $1 26. Red1 e5 27. Rxc8 Rxc8 28. Nb3 $1 Na4 {[%emt 0:10:08] Black is now going downhill.} (28... e4 $2 29. Qb1 $18) (28... Kf8 $14) 29. Nxd4 $16 exd4 (29... Nb2 $2 30. Nc6 $18) 30. Bxd4 Nc3 (30... Nb2 $16 31. Bxb2 Qxd3 32. Rxd3 Bxb2 33. Rxd6 Kf8) 31. Bxg7 $18 {[%emt 0:05:18][%mdl 64] [#] Discovered Attack. This pair of bishops is nice.} ({Inferior is} 31. Bxa7 Qxa2 32. Be3 Nxd1 33. Qxd1 Qe6 $11) 31... Qxd3 32. Rxd3 Kxg7 33. Rxd6 Nxa2 {[%emt 0:00:04][%mdl 4096] Endgame [#] KRB-KRN} 34. Rc6 Rd8 35. Bc4 Nxb4 36. Rc7 Rd1+ 37. Kh2 Ra1 38. Rxf7+ ({Don't take} 38. Bxf7 $6 Ra3 39. Be6+ Kh8 $18) 38... Kh8 39. f4 {[%emt 0:02:46] Threatens to win with g4.} Nc2 (39... Rc1 {was called for.}) 40. g4 Ne3 (40... h5 $142 41. Bd3 Nd4 42. Bxg6 h4) 41. Be6 {[%emt 0:00:07] And now f5 would win.} Rb1 42. Rb7 Rb4 43. Kg3 {[%emt 0:00:48] aiming for f5.} Nf1+ 44. Kh4 {[%emt 0:00:16] White threatens Kg5 and mate.} Rxf4 45. Kg5 {[%emt 0:00:07] White mates.} ({Weaker is} 45. Rxa7 h6 $18) 45... Rf3 46. Rb8+ Kg7 47. Rg8# {[%emt 0:00:04] Weighted Error Value: White=0.13 (very precise) /Black=0.33} 1-0

[Event "1000GM NY Winter GM-B 2024"]
[Site "New York"]
[Date "2024.01.15"]
[Round "9.1"]
[White "Griffith, Kyron"]
[Black "Adewumi, Tanitoluwa"]
[Result "1/2-1/2"]
[ECO "B85"]
[WhiteElo "2367"]
[BlackElo "2280"]
[Annotator "TA"]
[PlyCount "43"]
[EventDate "2024.01.10"]
[EventType "tourn"]
[EventCountry "USA"]
[SourceTitle "playchess.com"]
[Source "ChessBase"]
[SourceQuality "1"]
[TimeControl "5400+30"]

1. e4 c5 2. Nf3 e6 3. d4 cxd4 4. Nxd4 Nf6 5. Nc3 Nc6 6. Be2 d6 7. O-O Be7 8. Be3 Qc7 9. f4 a6 10. Kh1 O-O 11. Qe1 Nxd4 12. Bxd4 b5 13. e5 dxe5 14. Bxe5 Qb6 {[%emt 0:00:10] B85: Sicilian Scheveningen: 6 Be2 a6, lines with early Be3.} 15. Bf3 {[%emt 0:02:49] [#] An uneventful encounter.} {Predecessor:} Bb7 $146 16. Qg3 Bxf3 17. Qxf3 Rac8 18. Rac1 Nd7 19. Ne4 f5 20. Nc3 Nxe5 21. fxe5 Rc5 22. Qg3 {0-1 Tejaswini,S (2081)-Vasquez Schroder,R (2554) Roquetas de Mar op 29th 2018 (1)} 1/2-1/2

[Event "1000GM NY Winter GM-B 2024"]
[Site "New York"]
[Date "2024.01.16"]
[Round "9.3"]
[White "Levine, Joseph"]
[Black "Koustav Chatterjee"]
[Result "0-1"]
[ECO "C54"]
[WhiteElo "2376"]
[BlackElo "2546"]
[Annotator "TA"]
[PlyCount "102"]
[EventDate "2024.01.10"]
[EventType "tourn"]
[EventCountry "USA"]
[SourceTitle "playchess.com"]
[Source "ChessBase"]
[SourceQuality "1"]
[TimeControl "5400+30"]

1. e4 e5 2. Nf3 Nc6 3. Bc4 Nf6 4. d3 Bc5 5. c3 d6 6. O-O a5 {[%emt 0:00:03] seems to push 6...0-0 aside. C54: Giuoco Piano: 4 c3 Nf6, main lines with 5 d4 and 5 d3.} 7. Re1 O-O 8. h3 Be6 {[%emt 0:00:19] The position is equal.} 9. Bb5 Ba7 10. Nbd2 Ne7 11. d4 Ng6 12. Nf1 c6 13. Bd3 Nh5 {[%emt 0:00:00] [#]} 14. g3 $146 ({Predecessor:} 14. Be3 Nhf4 15. Ng3 Nxd3 16. Qxd3 f6 17. c4 Qe7 18. Rad1 Rfd8 19. b3 a4 20. Qc3 {1-0 So,W (2775)-Hovhannisyan,R (2607) Titled Tuesday intern op 28th Jun Early blitz 2022 (7)}) 14... Nf6 (14... Bxh3 $2 15. Ng5 Nf6 16. Nxh3 $18) 15. Kg2 Qc8 16. h4 $1 d5 17. exd5 Bxd5 18. c4 Bxf3+ 19. Qxf3 Bxd4 20. h5 {[%emt 0:03:04] [#]} ({White should try} 20. Bf5 $15 Qd8 21. Be3) 20... e4 $1 $17 21. Bxe4 Ne5 $1 $36 {[%emt 0:00:00][%csl LRc4,LRf3][%cal Bg6e5,Be5g4,Bg4f2][%mdl 2080] Black is in control.} 22. Qf4 Qg4 (22... Nxc4 23. Bxh7+ Kxh7 24. Qxd4 $14) ({Black should play} 22... Re8 $1 $17 {...Nxe4 is the strong threat.} 23. Bf5 Qd8) 23. Qxg4 Nexg4 {[%emt 0:00:00] A dynamic duo of knights.} 24. Bf3 Rfe8 25. Rxe8+ {[%emt 0:02:33] Black converts the advantage convincingly.} (25. Be3 $15 Bxb2 26. Rab1) 25... Rxe8 26. Bd2 {[%emt 0:00:09] Prevents Re1.} Nxf2 ({Reject} 26... Bxb2 $6 27. Rb1 Bd4 28. Rxb7 $11) 27. Bxa5 Bxb2 {[%emt 0:00:00] Black has more active pieces. The white rooks are badly placed.} 28. Rb1 Nd3 29. Bd2 Ne4 30. Bxe4 Rxe4 31. Ne3 Re7 32. Kf1 g6 33. hxg6 hxg6 34. Ke2 Rd7 35. a4 f5 (35... Be5 $19 36. Ng4 Bg7) 36. a5 Be5 37. Nf1 (37. a6 $17 bxa6 38. Rb6) 37... Nc5 38. Be1 (38. Be3 $17 {was necessary.} Na4 39. Rb3) 38... Kf7 $19 39. Ne3 Ke6 40. Rb6 Bc7 41. Rb1 g5 42. g4 f4 43. Nf5 {[%emt 0:00:27] [#]} Rd3 (43... Ke5 $1 $19 {aiming for ...Ke4.} 44. Bb4 Nd3) 44. Bb4 (44. a6 $17 f3+ 45. Kf1 bxa6 46. Bf2) 44... f3+ 45. Kf1 {[%emt 0:00:06] [#]} Nd7 {[%emt 0:02:11] Threatens to win with ...Ne5.} 46. Be1 $2 (46. Re1+ Ne5 47. Bc5) 46... Ne5 ({Worse is} 46... Nc5 47. Bf2 Nd7 48. Nd4+ Kf6 49. a6 bxa6 50. Nxc6 $17) 47. Rxb7 Nxg4 {[%emt 0:00:26] Strongly threatening ...Be5.} 48. Ng7+ (48. Rb3 $142 Rd1 49. Ne3 Nh2+ 50. Kf2) 48... Kd7 {[%emt 0:00:06] Black is clearly winning.} 49. Rb2 Be5 50. Rb7+ Kc8 51. a6 Bd4 {[%emt 0:00:23] Weighted Error Value: White=0.49/Black=0.17 (very precise)} 0-1